 Dungeon Crawl Stone Soup version 0.31-a0-187-gba352fbbf7 (webtiles) character file.

Game seed: 14544998116539802922

2 qw the Shooter (level 1, 0/12 HPs)
             Began as a Deep Elf Hunter on June 22, 2023.
             Constricted to death by a ball python (1 damage)
             ... on level 1 of the Dungeon.
             The game lasted 00:00:01 (26 turns).

qw the Shooter (Deep Elf Hunter)                      Turns: 26, Time: 00:00:02

Health: 0/12       AC:  3    Str:  8    XL:     1   Next: 33%
Magic:  3/3        EV:  9    Int: 13    God:
Gold:   0          SH:  0    Dex: 18    Spells: 0/0 levels left

rFire   . . .        a - +0 shortbow
rCold   . . .        (shield currently unavailable)
rNeg    . . .        c - +0 leather armour
rPois   .            (no helmet)
rElec   .            (no cloak)
rCorr   .            (no gloves)
SInv    .            (no boots)
Will    .....        (no amulet)
Stlth   ++           (no ring)
HPRegen 0.22/turn    (no ring)
MPRegen 0.08/turn

%: no passive effects
@: constricted
A: no striking features
a: no special abilities


You were on level 1 of the Dungeon.
You visited 1 branch of the dungeon, and saw 1 of its levels.


   Skills:
 - Level 1.5 Fighting
 + Level 5.5 Ranged Weapons
 - Level 2.4 Dodging
 - Level 1.2 Stealth


You couldn't memorise any spells.
You didn't know any spells.
Your spell library was empty.

Inventory:

Hand Weapons
 a - a +0 shortbow (weapon)
Armour
 c - a +0 leather armour (worn)
Scrolls
 b - a scroll of butterflies

Dungeon Overview and Level Annotations

Branches:
Dungeon (1/15)

Altars:


Message History

You shoot an arrow. The arrow closely misses the jackal.
The jackal bites you.
A bat comes into view.
The jackal bites you.
You shoot an arrow. The arrow closely misses the jackal.
The jackal closely misses you.
A ball python comes into view.
You shoot an arrow. The ball python hisses angrily.
The arrow hits the jackal.
The jackal is lightly wounded.
The bat barely misses you. The jackal closely misses you. x2
You shoot an arrow. The arrow barely misses the jackal.
The bat barely misses you. The bat misses you. The jackal bites you.
The jackal closely misses you. The jackal barely misses you.
You shoot an arrow. The arrow completely misses the jackal.
The bat closely misses you. The bat hits you but does no damage.
The jackal bites you. The jackal barely misses you.
The jackal bites you but does no damage.
You shoot an arrow. The arrow barely misses the jackal.
The bat hits you but does no damage. The bat barely misses you.
The jackal bites you. The jackal completely misses you.
The jackal bites you but does no damage.
The jackal closely misses you.
You shoot an arrow. The arrow hits the jackal!
You kill the jackal!
The bat hits you but does no damage. The jackal barely misses you.
The ball python closely misses you. The ball python barely misses you.
The jackal closely misses you.
You shoot an arrow. The arrow barely misses the bat.
The bat hits you but does no damage. The bat closely misses you.
The ball python bites you but does no damage.
The ball python grabs you. The ball python constricts you.
The jackal bites you.
You shoot an arrow.
The arrow barely misses the ball python.
The bat hits you.
The jackal bites you but does no damage.
The ball python bites you but does no damage.
The ball python constricts you.
You die...

#.# .. .. .. #.####.
. ###.....# #%.
.......##.. #####+#
#+#....... +.....#
#.+..Sh%# #.....#
#.##..@[#
#..>..#+#.##...b#..#
#..<..#.#.##......#
#.....'.#....#...#...
#######.#'####.###
.:. +..........# ..
###+###.#### . ...
###


You could see a jackal, a bat and a ball python.

Vanquished Creatures
  2 jackals (D:1)
2 creatures vanquished.

Notes
Turn   | Place    | Note
-------+----------+-------------------------------------------
     0 | D:1      | qw the Deep Elf Hunter began the quest for the Orb.
     0 | D:1      | Reached XP level 1. HP: 12/12 MP: 3/3
     0 | D:1      | 0 ||| qw: Version: 0.3-a-9-g12657ce
     0 | D:1      | 0 ||| qw: Game counter: 2543
     0 | D:1      | 0 ||| qw: Always use a shield: true
     0 | D:1      | 0 ||| qw: God list: Okawaru
     0 | D:1      | 0 ||| qw: Allow faded altars: false
     0 | D:1      | 0 ||| qw: Do Orc after D:15 true
     0 | D:1      | 0 ||| qw: Do second Lair branch before Depths: true
     0 | D:1      | 0 ||| qw: Lair rune preference: random
     0 | D:1      | 0 ||| qw: Plans: Normal
     0 | D:1      | 0 ||| PLANNING D:1-11
    25 | D:1      | HP: 2/12 [jackal (3)]
    26 | D:1      | Constricted to death by a ball python

Levels and vault maps discovered:
D:1:      shiori_arrival_maze, layout_basic, minmay_hexomino_f4

Action                     || total
---------------------------++-------
   Fire: Shortbow          ||    11
 Armour: Leather armour    ||     9
  Dodge: Dodged            ||    18

Table legend:
 A = Non-vault XP
 B = Vault XP
 C = Vault XP percentage of total XP
 D = Non-vault monster count
 E = Vault monster count
 F = Vault count percentage of total count
                 A         B        C        D         E       F
            +---------+---------+-------+---------+---------+-------
      Total |       4 |       0 |   0.0 |       2 |       0 |   0.0
            +---------+---------+-------+---------+---------+-------
        D:1 |       4 |       0 |   0.0 |       2 |       0 |   0.0
            +---------+---------+-------+---------+---------+-------
